 Dungeon Crawl Stone Soup version 0.31-a0-1439-g542172135e (webtiles) character file.

Game seed: 9265502103737884185

738 Amplified the Trooper (level 7, -2/56 HPs)
             Began as a Demonspawn Monk on Dec 27, 2023.
             Was an Elder of Okawaru.
             Slain by a yak (14 damage)
             ... on level 5 of the Dungeon.
             The game lasted 00:05:05 (3711 turns).

Amplified the Trooper (Demonspawn Monk)             Turns: 3711, Time: 00:05:06

Health: -2/56      AC:  8    Str: 14    XL:     7   Next: 46%
Magic:  10/10      EV:  8    Int: 10    God:    Okawaru [****..]
Gold:   350        SH:  9    Dex: 15    Spells: 6/6 levels left

rFire   . . .        t - +0 war axe
rCold   . . .        r - +0 kite shield
rNeg    . . .        f - +0 scale mail
rPois   .            (no helmet)
rElec   .            e - +0 cloak
rCorr   .            i - +0 pair of gloves
SInv    .            (no boots)
Will    .....        j - amulet of magic regeneration Stlth
                     (no ring)
HPRegen 0.29/turn    (no ring)
MPRegen 0.52/turn

%: no passive effects
@: about to teleport, attractive
A: claws 1, (demonic guardian 2)
a: Renounce Religion, Heroism, Finesse


You were on level 5 of the Dungeon.
You worshipped Okawaru.
Okawaru was greatly pleased with you.
You visited 1 branch of the dungeon, and saw 5 of its levels.

You collected 350 gold pieces.

Inventory:

Hand Weapons
 t - a +0 war axe (weapon)
Missiles
 l - a throwing net
Armour
 d - an orb of light
 e - a +0 cloak (worn)
 f - a +0 scale mail (worn)
 i - a +0 pair of gloves (worn)
 r - a +0 kite shield (worn)
Jewellery
 j - an amulet of magic regeneration (around neck)
Wands
 q - a wand of polymorph (2)
Scrolls
 b - a scroll of revelation {unknown}
 k - 2 scrolls of noise
 m - a scroll of teleportation
Potions
 a - a potion of mutation {unknown}
 c - 2 potions of ambrosia
 g - a potion of brilliance
 o - a potion of attraction
 p - a potion of berserk rage {unknown}
 s - a potion of lignification {unknown}


   Skills:
 * Level 5.2 Fighting
 * Level 4.7 Axes
 - Level 0.4 Armour
 - Level 3.3 Dodging
 * Level 2.9 Shields
 * Level 4.5 Invocations


You had 6 spell levels left.
You didn't know any spells.
Your spell library contained the following spells:

 Spells                   Type           Power      Damage    Failure   Level
 Apportation              Tloc           0%         N/A       99%         1
 Kiss of Death            Conj/Necr      0%         2d5       99%         1
 Necrotise                Necr           0%         1d4       99%         1
 Sting                    Conj/Alch      0%         1d3       99%         1
 Mercury Vapours          Alch/Air       0%         N/A       100%        2
 Confusing Touch          Hex            0%         N/A       100%        3
 Mephitic Cloud           Conj/Alch/Air  0%         N/A       100%        3
 Dispel Undead            Necr           0%         3d6       100%        4
 Olgreb's Toxic Radiance  Alch           0%         N/A       100%        4
 Passage of Golubria      Tloc           0%         N/A       100%        4
 Freezing Cloud           Conj/Ice/Air   0%         6-21      100%        5
 Yara's Violent Unravell  Hex/Alch       0%         3d3       100%        5
 Summon Small Mammal      Summ           Unusable   N/A       N/A         1
 Tukima's Dance           Hex            Unusable   N/A       N/A         3

Dungeon Overview and Level Annotations

Branches:
Dungeon (5/15)
 Temple: D:4-7

Altars:
Dithmenos
Gozag
Okawaru
Sif Muna
Trog


Innate Abilities, Weirdness & Mutations

You have sharp fingernails.
((A demonic guardian rushes to your aid.))


Message History

You barely miss the scorpion.
The scorpion is severely wounded.
You hit the yak. You block the scorpion's attack. The yak gores you!
You block the scorpion's attack. The yak attacks as it pursues you!
The yak barely misses you. The yak gores you!
The yak attacks as it pursues you! The yak gores you.
The yak attacks as it pursues you! The yak gores you.
The yak attacks as it pursues you! The yak gores you.
The yak attacks as it pursues you! The yak gores you.
The yak attacks as it pursues you! The yak closely misses you.
The yak attacks as it pursues you! You block the yak's attack.
The yak attacks as it pursues you! The yak gores you.
The yak attacks as it pursues you! The yak gores you!
* * * LOW HITPOINT WARNING * * *
There is an open door here.
The yak attacks as it pursues you! The yak gores you.
* * * LOW HITPOINT WARNING * * *
It was a potion of attraction.
You feel attractive to monsters. The yak gores you!
* * * LOW HITPOINT WARNING * * *
The yak is attracted toward you. x3
Unknown command.
As you read the scroll of fear, it crumbles to dust.
You assume a fearsome visage.
The scorpion looks frightened!
The yak looks frightened! x5; The yak is attracted toward you.
The scorpion is attracted toward you. The yak is attracted toward you. x4
Unknown command.
You feel better. The yak is attracted toward you.
The scorpion is attracted toward you. The yak is attracted toward you. x4
Okay, then.
As you read the scroll of teleportation, it crumbles to dust.
You feel strangely unstable. The yak is attracted toward you.
The scorpion is attracted toward you. The yak is attracted toward you. x4
Unknown command.
You hit the yak but do no damage.
Your attack snaps the yak out of its fear.
The yak gores you but does no damage. The yak gores you!
You die...

######################.##...
#...[.....# #.##.##
#.##......# #.....#
###.........# ######..#..#
#...<##.....# #....#..#..#
#.#####.....#######....#..#..#
#.#...#..s..##....'.......#..#
#.#.#.#....§##.####.....#...##
#.#.#.'..Y§.Y@.#........###...
#.#.###.....####........# #.#.
#.......YYY.# #<...#######...
#......###### #....# #..[....
#......# ###### #....>[.
#......# ####....... ##.....#
#.......... #....Y#
#....###### #....Y# #......#


You could see 5 yaks and a scorpion (fleeing).

Vanquished Creatures
  Grinder (D:5)
  Menkaure (D:4)
  An ice beast (D:4)
  A swamp drake (D:5)
  Crazy Yiuf (D:5)
  2 hounds (D:5)
  An iguana (D:4)
  A gnoll (D:4)
  3 adders
  A worm (D:3)
  A dart slug (D:4)
  8 orcs
  8 bats
  5 endoplasms
  2 giant cockroaches
  10 goblins
  6 hobgoblins
  4 jackals (D:4)
  3 kobolds
  5 quokkas
  9 ball pythons
  3 frilled lizards
  2 rats (D:1)
79 creatures vanquished.

Vanquished Creatures (collateral kills)
  A quokka (D:2)
  A kobold (D:3)
2 creatures vanquished.

Grand Total: 81 creatures vanquished

Notes
Turn   | Place    | Note
-------+----------+-------------------------------------------
     0 | D:1      | Amplified the Demonspawn Monk began the quest for the Orb.
     0 | D:1      | Reached XP level 1. HP: 18/18 MP: 1/1
   117 | D:1      | Gained mutation: A weak demonic guardian rushes to your
                  | aid. [demonic ancestry]
   117 | D:1      | Reached XP level 2. HP: 20/24 MP: 2/2
   730 | D:2      | Gained mutation: You have sharp fingernails. [demonic
                  | ancestry]
   730 | D:2      | Reached XP level 3. HP: 22/29 MP: 3/3
  1347 | D:3      | Found a faded altar of an unknown god.
  1351 | D:3      | Prayed at the altar of an unknown god.
  1351 | D:3      | Became a worshipper of Warmaster Okawaru
  1351 | D:3      | Reached * piety under Okawaru
  1351 | D:3      | Reached ** piety under Okawaru
  1532 | D:3      | Reached XP level 4. HP: 37/37 MP: 4/4
  1998 | D:4      | Reached skill level 1 in Invocations
  2266 | D:4      | Reached skill level 4 in Fighting
  2446 | D:4      | Found a shadowy altar of Dithmenos.
  2446 | D:4      | Found a faded altar of an unknown god.
  2454 | D:4      | Found an opulent altar of Gozag.
  2456 | D:4      | Found a faded altar of an unknown god.
  2458 | D:4      | Found a bloodstained altar of Trog.
  2490 | D:4      | Reached XP level 5. HP: 39/42 MP: 6/6
  2543 | D:4      | Found a shimmering blue altar of Sif Muna.
  2544 | D:4      | Noticed Menkaure
  2550 | D:4      | Killed Menkaure
  2550 | D:4      | Reached *** piety under Okawaru
  2551 | D:4      | Reached skill level 1 in Shields
  2559 | D:4      | Noticed an ice beast
  2577 | D:4      | Killed an ice beast
  2578 | D:4      | Reached XP level 6. HP: 14/49 MP: 6/8
  2979 | D:5      | Entered Level 5 of the Dungeon
  3062 | D:5      | Noticed Eustachio
  3066 | D:5      | Eustachio changed into Eustachio the swamp drake
  3066 | D:5      | Noticed Eustachio
  3081 | D:5      | Killed Eustachio the swamp drake
  3081 | D:5      | Reached **** piety under Okawaru
  3248 | D:5      | Noticed Grinder
  3253 | D:5      | Paralysed by Grinder for 3 turns
  3268 | D:5      | Killed Grinder
  3269 | D:5      | Reached skill level 5 in Fighting
  3269 | D:5      | Gained mutation: A demonic guardian rushes to your aid.
                  | [demonic ancestry]
  3269 | D:5      | Reached XP level 7. HP: 43/56 MP: 8/10
  3505 | D:5      | Found a runed translucent door.
  3506 | D:5      | Noticed Crazy Yiuf
  3577 | D:5      | Killed Crazy Yiuf
  3685 | D:5      | Noticed a yak
  3686 | D:5      | Noticed a yak
  3687 | D:5      | Noticed a yak
  3687 | D:5      | Noticed a yak
  3688 | D:5      | Noticed a yak
  3707 | D:5      | HP: 1/56 [yak (13)]
  3711 | D:5      | Slain by a yak

Illustrated notes

Levels and vault maps discovered:
D:1:      roderic_crossed_star, layout_loops_ring, nrook_uturn
D:2:      layout_rooms
D:3:      layout_loops_ring, nicolae_elyvilon_peaceful_grove,
          shapermc_ecumenical_altar_acropolis, serial_bayou,
          serial_bayou_lagoon_a, serial_bayou_pond_c, serial_bayou_pond_a,
          serial_bayou_pond_a, serial_bayou_lagoon_b, serial_bayou_pond_a
D:4:      layout_cave_pods, mainiacjoe_overflow_chevrons,
          chequers_temple_overflow_minitemple, uniq_menkaure
D:5:      layout_basic, minmay_temple_entry_overgrown,
          biasface_ghost_orc_armoury, uniq_eustachio, uniq_crazy_yiuf_cottage,
          uniq_grinder

Skill      XL: |  1  2  3  4  5  6 |
---------------+-------------------+-----
Axes           | 3 4 |  4.7
Dodging        | 3 |  3.3
Invocations    | 1 3 4 |  4.5
Fighting       | 4 5 |  5.2
Shields        | 2 |  2.9
Armour         | |  0.4

Action                     |  1- 3 |  4- 6 |  7- 9 || total
---------------------------+-------+-------+-------++-------
  Melee: Hand axe          |   112 |    58 |       ||   170
         War axe           |       |    87 |    12 ||    99
 Invoke: Heroism           |       |     3 |     1 ||     4
  Evoke: Wand              |       |     4 |       ||     4
    Use: Scroll            |     4 |     6 |     2 ||    12
         Potion            |       |     3 |     2 ||     5
 Armour: Robe              |    17 |       |       ||    17
         Scale mail        |    50 |   100 |    17 ||   167
  Dodge: Dodged            |    72 |    66 |     7 ||   145
  Block: Kite shield       |       |    71 |    11 ||    82

Table legend: (Time is in decaauts)
 A = Elapsed time spent in this place.
 B = Non-inter-level travel time spent in this place.
 C = Inter-level travel time spent in this place.
 D = Time resting spent in this place.
 E = Time spent auto-exploring this place.
 F = Levels seen in this place.
 G = Mean time per level.
                   A        B        C        D        E       F      G
               +--------+--------+--------+--------+--------+-----+--------+
         Total |   3806 |   3651 |    155 |    196 |   2594 |   5 |  761.2 |
       Dungeon |   3806 |   3651 |    155 |    196 |   2594 |   5 |  761.2 |
               +--------+--------+--------+--------+--------+-----+--------+

Top non-repeatable levels by time:
     D:4: 1111 daAuts
     D:3: 790 daAuts
     D:5: 735 daAuts
     D:1: 719 daAuts
     D:2: 448 daAuts
